 Dungeon Crawl Stone Soup version 0.17.1-2-g5865329 (webtiles) character file.

91 Jerry the Grasshopper (level 4, -2/30 HPs)
             Began as an Octopode Warper on Feb 17, 2016.
             Slain by an ice beast (11 damage)
             ... on level 3 of the Dungeon.
             The game lasted 00:07:47 (2410 turns).

Jerry the Grasshopper (Octopode Warper)             Turns: 2410, Time: 00:07:47

Health: -2/30      AC:  1    Str: 10    XL:     4   Next: 57%
Magic:  4/7        EV: 13    Int: 15    God:
Gold:   101        SH:  0    Dex: 12    Spells: 2 memorised, 4 levels left

rFire  . . .     SeeInvis .     n - +0 whip
rCold  . . .     Clarity  .     (no shield)
rNeg   . . .     SustAt   .     (helmet restricted)
rPois  .         Gourm    .     (no amulet)
rElec  .         Spirit   .     (no ring)
rCorr  .         Warding  .     (no ring)
rMut   .         Stasis   .     (no ring)
MR     .....                    (no ring)
Stlth  +++.......               (no ring)
                                (no ring)
                                (no ring)
                                (no ring)

@: shrouded, not resistant to hostile enchantments, fairly stealthy
A: almost no armour, amphibious, 8 rings, constrict 8, camouflage 1, gelatinous
body 1
a: no special abilities


You were on level 3 of the Dungeon.
You were not hungry.

You visited 1 branch of the dungeon, and saw 3 of its levels.

You collected 101 gold pieces.

Inventory:

Hand Weapons
 a - a +0 mace
 n - a +0 whip (weapon)
 t - a +0 whip
Missiles
 d - 5 tomahawks of dispersal
 o - 30 stones (quivered)
Wands
 k - a wand of polymorph (5)
Scrolls
 c - 2 scrolls of blinking
 f - a scroll of teleportation {unknown}
 g - a scroll of remove curse {unknown}
 j - 4 scrolls of identify {unknown}
 s - a scroll of enchant armour {unknown}
Potions
 h - a potion of degeneration {unknown}
 i - a potion of agility {unknown}
 l - 2 potions of curing {unknown}
 m - 2 potions of invisibility {unknown}
 p - a potion of brilliance {unknown}
 r - 2 potions of lignification {unknown}
 v - a potion of magic {unknown}
Books
 b - a book of Spatial Translocations

   Spells                             Type                      Level
   a - Apportation                    Translocation                1
   b - Blink                          Translocation                2
   c - Shroud of Golubria             Charms/Translocation         2
   d - Portal Projectile              Translocation                3
   e - Teleport Other                 Translocation                3
   f - Passage of Golubria            Translocation                4
 q - a book of Power

   Spells                             Type                      Level
   a - Fulminant Prism                Conjuration/Hexes            4
   b - Iskenderun's Mystic Blast      Conjuration                  4
   c - Venom Bolt                     Conjuration/Poison           5
   d - Bolt of Magma                  Conjuration/Fire/Earth       5
   e - Iron Shot                      Conjuration/Earth            6
   f - Orb of Destruction             Conjuration                  7
   g - Spellforged Servitor           Conjuration/Summoning        7
Comestibles
 e - 3 bread rations


   Skills:
 + Level 2.6 Fighting
 + Level 2.8 Maces & Flails
 - Level 1.0 Throwing
 + Level 3.0 Dodging
 + Level 2.6 Stealth
 - Level 2.0 Spellcasting
 + Level 1.1 Charms
 - Level 3.0 Translocations


You had 4 spell levels left.
You knew the following spells:

 Your Spells              Type           Power        Failure   Level  Hunger
a - Apportation           Tloc           ##........   8%          1    #......
b - Shroud of Golubria    Chrm/Tloc      #.........   14%         2    ###....


Dungeon Overview and Level Annotations

Branches:
Dungeon (3/15)

Altars:
Qazlal
Sif Muna


Innate Abilities, Weirdness & Mutations

You cannot wear most types of armour.
You are amphibious.
You can wear up to eight rings at the same time.
You can use your tentacles to constrict eight enemies at once.
Your skin changes colour to match your surroundings (Stealth).
Your rubbery body absorbs attacks (AC +1).


Message History

You hit the ice beast but do no damage. You squeeze the ice beast!
The ice beast is moderately wounded.
You hit the ice beast but do no damage. You squeeze the ice beast.
The ice beast is moderately wounded.
Your shroud bends the ice beast's attack away.
You hit the ice beast but do no damage.
The ice beast is moderately wounded.
Your shroud bends the ice beast's attack away.
You barely miss the ice beast.
The ice beast is moderately wounded.
The ice beast hits you. The ice beast freezes you.
You hit the ice beast but do no damage.
The ice beast is moderately wounded.
The ice beast barely misses you.
You hit the ice beast but do no damage.
The ice beast is moderately wounded.
The ice beast hits you.
* * * LOW HITPOINT WARNING * * *
The ice beast freezes you!
You die...

#.....<# #.......#
#......# #.......#
#......# #.......#
#......#
#.###+#...
#......# #.#
#......# #.#
#......# #o#
#####..# #Y# #@#
#.#
################)#
.................#
##################


You could see an ice beast and an orc.

Vanquished Creatures
  Terence (D:3)
  2 adders
  A gnoll (D:1)
  A worm (D:2)
  2 giant cockroaches
  4 goblins
  6 hobgoblins
  6 kobolds
  3 bats (D:1)
  8 rats
34 creatures vanquished.

Notes
Turn   | Place    | Note
--------------------------------------------------------------
     0 | D:1      | Jerry the Octopode Warper began the quest for the Orb.
     0 | D:1      | Reached XP level 1. HP: 14/14 MP: 3/3
   386 | D:1      | Reached skill level 1 in Stealth
   569 | D:1      | Reached XP level 2. HP: 9/19 MP: 5/5
   653 | D:1      | Learned a level 2 spell: Shroud of Golubria
  1086 | D:2      | Reached XP level 3. HP: 24/24 MP: 6/6
  1715 | D:2      | Found a stormy altar of Qazlal.
  2142 | D:3      | Found a deep blue altar of Sif Muna.
  2153 | D:3      | Reached XP level 4. HP: 15/30 MP: 5/7
  2374 | D:3      | Noticed Terence
  2382 | D:3      | Killed Terence
  2382 | D:3      | Reached skill level 1 in Charms
  2389 | D:3      | Noticed an ice beast
  2410 | D:3      | Slain by an ice beast

Action                   |  1- 3 |  4- 6 || total
-------------------------+-------+-------++-------
Melee: Mace              |    25 |       ||    25
       Whip              |    52 |    17 ||    69
 Cast: Shroud of Golubri |       |     3 ||     3
 Stab: Sleeping          |    11 |       ||    11
  Eat: Chunk             |     3 |     2 ||     5
